 Dungeon Crawl Stone Soup version 0.31.0 (webtiles) character file.

Game seed: 9683965651162967632

23 qw the Shooter (level 2, 0/17 HPs)
             Began as a Gargoyle Hunter on Jan 19, 2024.
             Slain by an orc priest
             ... wielding a +0 club
              (2 damage)
             ... on level 2 of the Dungeon.
             The game lasted 00:00:02 (628 turns).

qw the Shooter (Gargoyle Hunter)                     Turns: 628, Time: 00:00:03

Health: 0/17       AC:  6    Str: 14    XL:     2   Next: 95%
Magic:  2/2        EV: 11    Int:  9    God:
Gold:   81         SH:  0    Dex: 13    Spells: 1/1 levels left

rFire   . . .        a - +1 shortbow
rCold   . . .        (shield currently unavailable)
rNeg    + . .        c - +0 leather armour
rPois   inf          f - +0 helmet
rElec   +            (no cloak)
rCorr   .            (no gloves)
SInv    .            (no boots)
Will    .....        (no amulet)
Stlth   +            (no ring)
HPRegen 0.22/turn    (no ring)
MPRegen 0.08/turn

%: no passive effects
@: no status effects
A: sickness immunity, AC +2, negative energy resistance 1, electricity
resistance, torment resistance 1, petrification resistance
a: no special abilities


You were on level 2 of the Dungeon.
You visited 1 branch of the dungeon, and saw 2 of its levels.

You collected 81 gold pieces.


Innate Abilities, Weirdness & Mutations

You are immune to sickness and miasma.
Your stone body is resilient. (AC +2)
You are immune to poison.
You resist negative energy. (rN+)
You are resistant to electric shocks. (rElec)
You are resistant to unholy torment.
You are immune to petrification.


   Skills:
 - Level 2.1 Fighting
 + Level 4.8 Ranged Weapons
 - Level 1.5 Dodging
 - Level 1.1 Stealth


You had one spell level left.
You didn't know any spells.
Your spell library was empty.

Inventory:

Hand Weapons
 a - a +1 shortbow (weapon)
Armour
 c - a +0 leather armour (worn)
 f - a +0 helmet (worn)

Dungeon Overview and Level Annotations

Branches:
Dungeon (2/15)

Altars:


Message History

You shoot an arrow.
The arrow hits the kobold but does no damage.
The kobold shouts!
You shoot an arrow. The arrow hits the kobold!
You kill the kobold!
An orc, an orc wizard and an orc priest come into view.
The orc shouts!
The orc priest shouts!
The orc wizard casts a spell at you.
You are confused.
The orc wizard casts a spell at you.
You are more confused.
An orc comes into view. It is wielding a +0 hand axe.
An orc priest comes into view. It is wielding a +0 club.
The orc priest hits you with a +0 hand axe.
The orc priest closely misses you.
The orc priest looks braver for a moment.
The orc priest hits you with a +0 hand axe.
The orc priest barely misses you.
The orc priest calls down the wrath of Beogh upon you.
Beogh smites you!
Ouch! That really hurt!
The orc priest barely misses you. The orc priest barely misses you.
The orc priest hits you with a +0 hand axe.
You feel less confused. The orc priest barely misses you.
The orc priest hits you but does no damage.
You shoot an arrow. The arrow barely misses the orc priest.
The orc priest barely misses you.
You shoot an arrow. The arrow hits the orc priest.
The orc priest is heavily wounded.
The orc priest looks encouraged for a moment.
The orc priest hits you with a +0 hand axe.
The orc wizard hits you with a +0 dagger.
You shoot an arrow. The arrow hits the orc priest!
The orc priest is almost dead.
The orc priest misses you.
The orc priest casts a cantrip, but nothing happens.
The orc priest hits you with a +0 club.
You die...

... ...........##.<
...............#####
....#.#)...........####
......................#
.................<....#
......................#
......oo..###.........##
......o@......####.##...
.....o#o..##............
..... #...##..........#.
.... #...##..........#.
... #................#
.. #....%............ .
#.................
###...............
#...............


You could see 2 orc priests, an orc wizard and 2 orcs.

Vanquished Creatures
  2 ball pythons (D:1)
  3 endoplasms (D:1)
  2 goblins (D:1)
  3 hobgoblins
  2 quokkas (D:1)
  2 bats (D:1)
  3 frilled lizards (D:1)
  2 kobolds (D:2)
  3 rats (D:1)
22 creatures vanquished.

Notes
Turn   | Place    | Note
-------+----------+-------------------------------------------
     0 | D:1      | qw the Gargoyle Hunter began the quest for the Orb.
     0 | D:1      | Reached XP level 1. HP: 12/12 MP: 1/1
     0 | D:1      | 0 ||| qw: Version: 0.3-a-132-g3d54051
     0 | D:1      | 0 ||| qw: Game counter: 403
     0 | D:1      | 0 ||| qw: Melee chars always use a shield: true
     0 | D:1      | 0 ||| qw: God list: Okawaru
     0 | D:1      | 0 ||| qw: Allow faded altars: false
     0 | D:1      | 0 ||| qw: Do Orc after clearing Dungeon:15 true
     0 | D:1      | 0 ||| qw: Do second Lair branch before Depths: true
     0 | D:1      | 0 ||| qw: Lair rune preference: random
     0 | D:1      | 0 ||| qw: Goals: Normal
     0 | D:1      | 0 ||| PLANNING D:1-11
    59 | D:1      | Reached XP level 2. HP: 17/17 MP: 2/2
   518 | D:1      | 518 ||| UPGRADING to +0 helmet.
   523 | D:1      | 523 ||| DROPPING ring of wizardry.
   524 | D:1      | 524 ||| READING scroll labelled OXZUIB ZORATT.
   524 | D:1      | 524 ||| IDENTIFYING scroll labelled MUDO IHEKHLA
   525 | D:1      | 525 ||| READING scroll of enchant weapon.
   525 | D:1      | 525 ||| ENCHANTING +0 shortbow.
   526 | D:1      | 526 ||| DROPPING scroll of butterflies.
   624 | D:2      | HP: 4/17 [orc priest/+0 hand axe (2)]
   627 | D:2      | HP: 1/17 [orc wizard/+0 dagger (2)]
   628 | D:2      | Slain by an orc priest

Levels and vault maps discovered:
D:1:      minmay_arrival_open_corners, layout_basic,
          hangedman_decor_clover_reticule
D:2:      minmay_alternating_diamond, layout_basic, minmay_misc_feat_chi,
          uniq_natasha, uniq_terence

Action                     || total
---------------------------++-------
   Fire: Shortbow          ||    68
    Use: Scroll            ||     2
 Armour: Leather armour    ||    16
  Dodge: Dodged            ||    23

Table legend:
 A = Non-vault XP
 B = Vault XP
 C = Vault XP percentage of total XP
 D = Non-vault monster count
 E = Vault monster count
 F = Vault count percentage of total count
                 A         B        C        D         E       F
            +---------+---------+-------+---------+---------+-------
      Total |      33 |       0 |   0.0 |      22 |       0 |   0.0
            +---------+---------+-------+---------+---------+-------
        D:1 |      29 |       0 |   0.0 |      19 |       0 |   0.0
        D:2 |       4 |       0 |   0.0 |       3 |       0 |   0.0
            +---------+---------+-------+---------+---------+-------
